Workbook
Name _Hlk88571830: 'Tab 5 Multi-annual targets '!#REF!
Name _Hlk95981819: 'Tab 5 Multi-annual targets '!#REF!
Name _Hlk96267063: 'Tab 5 Multi-annual targets '!#REF!
Name _Hlk96267083: 'Tab 5 Multi-annual targets '!#REF!
Name _Int_joejLXOw: 'Tab 5 Multi-annual targets '!#REF!
Name _Toc1343095740: 'Tab 5 Multi-annual targets '!#REF!
Name _Toc369500605: 'Tab 5 Multi-annual targets '!#REF!
Name _Toc512764507: 'Tab 5 Multi-annual targets '!#REF!
Name _Toc632574498: 'Tab 5 Multi-annual targets '!#REF!
Name _Toc872994150: 'Tab 5 Multi-annual targets '!#REF!
Name _Toc919062024: 'Tab 5 Multi-annual targets '!#REF!

Sheet Symbols
E4: Meets target (2024) | K4: Meets target (2025)
E7: Approaches target (2024) | K7: Approaches target (2025)
E10: Initiated (2024) | K10: Initiated (2025)
E13: Not initiated (2024) | K13: Not initiated (2025)
Q16: 0.25 | R16: 0.5 | S16: 0.75 | T16: 1
Q17: 0.75 | R17: 0.5 | S17: 0.25 | T17: 0
Q18: 2024
Q24: Not initated | R24: Initiated | S24: Approaches | T24: Meets target
Q27: 2025
Q33: Not initated | R33: Initiated | S33: Approaches | T33: Meets target

Sheet Tab 1 Budget summary
B2: Table 1: Total budget MACP USD | E2: Table 5: Total budget OF USD
B3: Organization | C3: Total (2024-2027) | E3: Organization | F3: Total (2024-2027)
B4: UNHCR | C4: =SUM(C14+C25) -> 15507519 | E4: UNHCR | F4: =SUM(F14+F25) -> 0
B5: UNICEF | C5: =SUM(C15+C16+C26+C36) -> 15312999 | E5: UNICEF | F5: =SUM(F15+F26+F36) -> 0
B6: ILO | C6: =SUM(C17+C28+C37) -> 12788618 | E6: ILO | F6: =SUM(F17+F28+F37) -> 0
B7: World Bank | C7: =SUM(C18+C29) -> 500000 | E7: World Bank | F7: =SUM(F18+F29) -> 0
B8: IFC | C8: =SUM(C19+C30) -> 8626595 | E8: IFC | F8: =SUM(F19+F30) -> 0
B9: Total | C9: =SUM(C4:C8) -> 52735731 | E9: Total | F9: =SUM(F4:F8) -> 0 | G9: =G6/1.08 -> 0
G10: =0.08*G9 -> 0
B12: Table 2: Total activity costs MACP USD | E12: Table 6: Total activity costs OF USD
B13: Organization | C13: Total (2024-2027) | E13: Organization | F13: Total (2024-2027)
B14: UNHCR | C14: ='Tab 2 Programme Portfolio'!C33 -> 15507519 | E14: UNHCR | F14: ='Tab 2 Programme Portfolio'!C42 -> 0
B15: UNICEF | C15: ='Tab 2 Programme Portfolio'!C34 -> 13058902 | E15: UNICEF | F15: ='Tab 2 Programme Portfolio'!C43 -> 0
B16: UNICEF (cross sectoral cost) | C16: 979417.96
B17: ILO | C17: ='Tab 2 Programme Portfolio'!C35 -> 11205308 | E17: ILO | F17: ='Tab 2 Programme Portfolio'!C44 -> 0
B18: World Bank | C18: ='Tab 2 Programme Portfolio'!C36 -> 500000 | E18: World Bank | F18: ='Tab 2 Programme Portfolio'!C45 -> 0
B19: IFC | C19: ='Tab 2 Programme Portfolio'!C37 -> 8626595 | E19: IFC | F19: ='Tab 2 Programme Portfolio'!C46 -> 0
B20: Total | C20: =SUM(C14:C19) -> 49877742 | E20: Total | F20: =SUM(F14:F19) -> 0
B23: Table 3: Indirect recovery costs MACP USD - optional | E23: Table 7: Indirect recovery costs OF USD - optional
B24: Organization | C24: Total (2024-2027) | E24: Organization | F24: Total (2024-2027)
B25: UNHCR | C25: 0 | E25: UNHCR | F25: 0
B26: UNICEF (recovery cost) 8% | C26: 1123065.6 | E26: UNICEF | F26: 0
B28: ILO | C28: =C17*13% -> 1456690 | E28: ILO | F28: 0
B29: World Bank | C29: 0 | E29: World Bank | F29: 0
B30: IFC | E30: IFC | F30: 0
B31: Total | C31: =SUM(C25:C30) -> 2579755.6 | E31: Total | F31: =SUM(F25:F30) -> 0
B34: Table 4: UN Levy costs MACP USD | E34: Table 8: UN Levy costs OF USD
B35: Organization | C35: Total (2024-2027) | E35: Organization | F35: Total (2024-2027)
B36: UNICEF | C36: =(15312999.42/1.01)*0.01 -> 151613.86 | E36: UNICEF | F36: 0
B37: ILO | C37: 126619.98 | E37: ILO | F37: 0
B38: Total | C38: =SUM(C36:C37) -> 278233.84 | E38: Total | F38: =SUM(F36:F37) -> 0

Sheet Tab 2 Programme Portfolio
B2: Reference | C2: Title of Intervention | D2: Type of intervention | E2: MACP or OF | F2: Short description of Intervention | G2: Pillar | H2: Participating Partners (PROSPECTS only) | I2: UNICEF Budget (if applicable) | J2: UNHCR Budget (if applicable) | K2: ILO Budget (if applicable) | L2: WB Budget (if applicable) | M2: IFC Budget (if applicable) | N2: Total budget (= multi-annual) | O2: Geographic area | P2: Implementation period | Q2: Target group | R2: Government Counterparts | S2: Other implementing organizations | T2: Contribution to ToC Outcomes | U2: Other relevant information
B3: Pillar 1: EDUCATION AND LEARNING
B4: 1.1: Increased National Capacity to Deliver Quality Education and Vocational Training | C4: Inclusive national curricula developed and capacity of teachers and facilitators enhanced | D4: Partner specific intervention | E4: MACP | F4: Description: The intervention will address bottlenecks of inclusion at the national and system level including coordination, curriculum, and capacity of the workforce with a focus on existing gaps in the areas of integration and disabilities. Sector-wide coordination will be enhanced through strengthening the capacity of MoETE and Education Working Group (EWG) members which includes UNICEF, UNHCR, Ministry of Education and other key stakeholders, particularly at the sub-national level (e.g. governorate and district directors and officials) to deliver integrated quality education for FDPs and HCs. UNICEF will support the MoETE, MoYS and partners with technical assistance to develop an equitable, inclusive and gender-sensitive curriculum that provides adolescents and young FDPs and HCs with the life skills for their future and skills to promote inclusion and integration. Technical support to MoETE will be instrumental to the development of inclusive, enabling and equitable curricula for all children Post-primary education level, particularly refugees and migrants. MoYS will be supported with an updated skills development programme including green skills, and digital skilling, participation and engagement, gender/girls empowerment related skills packages for enhanced employability social innovation skills, and active engagement. To Improve the quality of services the capacity of teachers, trainers/facilitators, youth volunteers and civil society partners will be strengthened through Professional Development systems that address inclusion and skills development in formal and non-formal settings. Furthermore, UNICEF will build the capacity of a Professional Academy for Teachers (PAT) to manage the National Continuous Development programme, integrating diversified and inclusive programme content, and technical assistance to roll out the content at the national level. Also, at the system level, the programme will enable the MoETE to enhance quality inclusive education and integration of children with disabilities. This will be by integrating a disability-inclusive and gender-responsive lens into the education curricula of post-primary education, advocacy and analysis. Adolescent students will be engaged in the development of the curriculum framework, through consultative meetings led by MoETE. Building on Phase I of Prospects, UNICEF will support MoYS to transform youth centres into inclusive learning, skilling and engagement community centres through the MoYS Community Center Model (CCM) that serve young people’s transition from learning to earning. The CCM model with MoYS will adopt a “user experience” approach based on the analysis of three dimensions: 1- Engagement Opportunities, 2- Skills Development, 3- Services Improvement. This is expected to increase the participation of refugees and asylum seeker youth as well as other non-Egyptians youth in various programmes (currently, 28% of participants are refugees and migrants with more than half of them females). The CCM model will also include improvements to physical premises and digital connectivity under Pillar 4. Following a young people-led participation approach, as a part of the CCM, UNICEF will establish a youth advisory board to support the CCM and secure youth engagement in its design, implementation and M&E. Additionally, UNICEF will use public financing tools to analyse and cost options for the transition of youth centers into community centers to inform policy discussion and decision-making and to accelerate the transition at scale. This will bring together the MoYS along with the Ministry of Finance and key partners. Furthermore, UNICEF will develop a certification scheme to recognize the FDPs/HCs skills within the framework of the CCM service, in collaboration with the government and the private sector. Indicators: 1.1 a, 1.1b and 1.1 c Outputs: 1.1.1 Inclusive national curricula developed for formal and non-formal learning and skilling 1.1.2 Capacity of teachers, trainers/facilitators strengthened through national Continuous Professional Development systems that address inclusion and skills development in formal and non-formal settings 1.1.3: Youth centres transformed into inclusive community learning, skilling and engagement centres 1.1.4 Education Sector Capacity Building (EWG UNICEF & UNHCR) | G4: Pillar 1: EDUCATION AND LEARNING | H4: UNICEF,UNHCR | I4: 1483384 | K4: 0 | N4: =SUM(I4:M4) -> 1483384 | O4: Greater Cairo (Cairo, Giza, Qalubiya) , Damietta Alexandria, and Aswan | P4: 2024-2027 | Q4: Trainers, facilitators, young people MoETE, teachers, community groups (FDPs & HCs), children , school social worker, parents and caregivers) | R4: MoETE, MoYS | S4: Civil Society/NGOs, Young people, Institutions | T4: Access to basic services | U4: Linking with ILO work and capacitation schemes of MoYS staff to implement JSCs.
B5: 1.2: More FDPs And HCs Enrolled and Retained in Formal and Non-Formal Education At (Pre-) Primary and Secondary Levels | C5: Learning in Protective environment | D5: Aligned intervention | E5: MACP | F5: Description: The interventions will address existing challenges of service delivery at the schools/community level through direct service delivery including schools' physical and learning environment as well as community cohesion. Interventions will include promoting an inclusive, safe, gender-sensitive enabling environment at schools and surrounding communities to embrace diversity and establishment and testing the free-of-charge learning spaces model. This will entail consolidated efforts around capacity building of teachers, school social workers, and school management, delivery of quality life skills-based curriculum, improvement of foundational learning skills, provision of learning material and resources with particular focus on special needs, adjustment of the physical environment, and strengthening linkages between schools, parents and wider communities, in addition to the development, operationalization, and institutionalization of child-friendly and accessible school-based protection mechanisms and procedures. Further, the provision of education cash grants will help overcome the socio-economic barrier towards enrolment and retention of students in schools ​Indicators: 1.2a, 1.2b, 1.3 c, GCR 2.2.1 , 4.1 c Outputs: 1.2.1. FDP children are supported to enrol in formal & non-formal education 1.2.2 Capacity of schools(all types) enhanced to provide quality education for all 1.2.3 Learning settings have strengthened capacities to promote cohesion and peaceful coexistence between FDPs and HC in a protective environment that supports children's access to cross-sectoral services. | G5: Pillar 1: EDUCATION AND LEARNING | H5: UNICEF, UNHCR | I5: 3490081 | J5: 1890440 | K5: 0 | N5: =SUM(I5:M5) -> 5380521 | O5: Greater Cairo (Cairo, Giza, Qalubiya) , Damietta Alexandria, and Aswan, Sharkiah and Dakhalia​ (UNHCR) | Q5: Migrants, refugees, and vulnerable HCs, Teachers, facilitators, parents caregivers | R5: MoETE, MoYS | S5: Civil Society/NGOs, Young people, Institutions | T5: Access to basic services
B6: 1.3: More FDPs and HCs Access Occupational Relevant Skills and Skills Recognition for Transition to Work ​ | C6: Skills development to support the transition to the labour market | D6: Aligned intervention | E6: MACP | F6: Description: The outlined interventions are geared towards significantly bolstering the employability of FDPs and HCs. The strategy encompasses providing robust support for skill development. The ILO will equip individuals with market-relevant skills, both technical and vocational, alongside a focus on digital proficiency. The outputs ensure that the skills imparted align seamlessly with the dynamic demands of the job market. The ILO will facilitate apprenticeships, offering participants not just theoretical knowledge but hands-on experience. This approach aims to smooth the transition of FDPs and HCs into the labour market by providing them with occupation-relevant skills. Simultaneously, internships form a crucial component of the initiative, allowing individuals to apply their acquired skills in real-world scenarios. Furthermore, the ILO will aim to develop the technical and vocational skills of FDPs and HCs. This will be done in close collaboration with the private sector and relevant line ministries (e.g. MOEHE, MOYS). ILO Activities under this intervention will include; TVET short and medium-term trainings, digital skills (ICT) trainings (basic-medium-advanced, and specialised levels), Career Guidance and Employability Skills, Job Matching services, and providing apprenticeships and internship opportunities inside the workplace. The planned interventions seek to formalise the skills development process. UNICEF will ensure that the skills programmes undertaken by FDPs and HCs receive certification from government partners. This formal recognition enhances the credibility of acquired skills, contributing to a more robust and recognised skill set for program participants. Also, UNICEF will support MoYS, relevant ministries and partners to develop an inclusive and gender-sensitive and transformative curriculum providing adolescents and young FDPs and HCs with 21st century skills needed for their transition to a productive adulthood. This include an upgraded skills development programme that includes green skills, digital marketing, digital skilling, and social innovation packages for enhanced employability and social entrepreneurship competencies Indicators: 2a, 2b, 1b, 1.3 a , 1.3 b ,2.4b Outputs: 1.3.1 FDPs and HCs acquired market-relevant technical, vocational and digital skills to enhance their employability in the labour market (ILO) 1.3.2 FDPs and HCs acquired hands-on market-relevant and occupation-relevant skills for transition to work (Apprenticeships and internships) (ILO & UNICEF) 1.3.3 FDPs/HCs skills development programs are certified by government partners (UNICEF) | G6: Pillar 1: EDUCATION AND LEARNING | H6: ILO and UNICEF | I6: 40000 | K6: =4300000-500000 -> 3800000 | N6: =SUM(I6:M6) -> 3840000 | O6: Greater Cairo, Alexandria, and Damietta | P6: 2024-2027 | Q6: FDPs and HCs | R6: MOYS with plans to expand to other relevant Ministries; i.e. MoSS, and/or MoEnvr, MoHESR, etc. MOIC National partners (e.g. CRS, Don Bosco, Terres Des hommes, CARE Egypt, EFE, ABA, MAIS, and FEI) | S6: National partners (e.g. CRS, Don Bosco, Terres Des hommes, CARE Egypt, EFE, ABA) | T6: Access to socio-economic opportunities
B7: Pillar 2: ECONOMIC INCLUSION
B8: 2.1: Improved Labour Market Governance Supporting Transition to and Entry into Employment and Formalization | C8: Supporting entry to employment | D8: Collective intervention | E8: MACP | F8: Description: The envisioned outputs of this initiative are multifaceted. They include improved access to specialised employment services in personal care and domestic work sectors, increased employability skills, enhanced access to career guidance services, and improved outreach and effectiveness of PROSPECTS' employment component through volunteer refugee employment outreach teams. Moreover, a standardized methodological approach is proposed across all interventions and partners in the areas of target groups' outreach, profiling, referral, and job matching. These outputs, driven by collaboration between ILO, UNHCR, and UNICEF, demonstrate a comprehensive and coordinated effort to empower and facilitate the employment of FDPs and HCs. PROSPECTS is set to establish a robust business model for the Refugees' Employment Office, with a specific focus on creating opportunities in the Care Services sector. This strategic move aims not only to boost employment among FDPs but also to ensure the sustainability of service provision. In addition to creating employment opportunities, the initiative will provide comprehensive support for career development. An upgraded version of "Meshwary" will play a pivotal role in equipping FDPs/HCs with transferable skills, including life skills, employability skills, digital skills, and green, gender/girls empowerment related skills. This approach is designed to empower individuals not only for employment but also for active engagement in socio-economic activities. Furthermore,UNICEF will also expand the career guidance centres will be expanded through the operationalization of Community-Based Organizations (CBOs) and building on the MoYS Community Center Model (CCM) at Youth Centers. This will also include promoting young people's active engagement and participation to promote social cohesion and co-existence in host communities and bring about meaningful participation for socio-economic empowerment. To enhance the dissemination of information and opportunities, community-based organisations will be enlisted to identify and train select refugees. These individuals will, in turn, serve as peer educators, informing their communities about available job opportunities and associated risks. PROSPECTS will collaborate with development actors involved with FDPs and HCs, offering support in the provision of more comprehensive employment services. This includes activities such as profiling, referral, and job matching, ultimately facilitating job placement. Leveraging youth centers as one of the youth skilling and learning facilities, through its well-established partnership with the MoYS and under the auspices of the Prime Minister, and in collaboration with civil society, young people, private sector and development partner, UNICEF will introduce a new version of the youth employability programme "Meshwary" to equip FDPs/HCs with transferrable skills like life, employability, digital, and green skills, social innovation and entrepreneurial skills, alongside engagement in socio-economic activities. This is addition to expanding the career guidance centers to provide career counselling services to young people. Indicators: 2a, 2.1a, 2.1c, 2.4b, and 6b Outputs: 2.1.1 FDPs and HCs have better access to specialised employment services in personal care and domestic work sectors (ILO & UNHCR). 2.1.2 FDPs and HCs increased employability skills and have better access to career guidance services (ILO & UNICEF). 2.1.3 Improve the outreach and the effectiveness of PROSPECTS employment component through volunteer outreach team (UNHCR) 2.1.4 Standardised Methodological approach is proposed across all interventions and partners in the area of: (target groups' Outreach / Profiling / Referral /Job matching) (ILO and UNICEF). | G8: Pillar 2: ECONOMIC INCLUSION | H8: ILO, UNICEF, and UNHCR | I8: 574000 | J8: 1512240 | K8: 1350000 | N8: =SUM(I8:M8) -> 3436240 | O8: Greater Cairo, Alexandria, and Damietta | P8: 2024-2027 | Q8: FDPs and HCs | R8: MOYS with plans to expand to other relevant Ministries; i.e. MoSS, and/or MoEnvr, MoHE, etc. National partners (e.g. Refugee Egypt) | S8: National partners and CBOs (e.g. Refugee Egypt) | T8: Access to socio-economic opportunities
B9: 2.2: Increased Private Sector or Public Investment and Enhanced Business Environment for Creating Economic Opportunities for FDPs and HCs | C9: Private Sector Engagement | D9: Aligned intervention | E9: MACP | F9: Description: Support refugees in accessing self and wage employment initiatives. PROSPECTS will engage with private companies using its refugee lens in Egypt. A graduation-based approach will ensure also inclusion of temporary economically vulnerable but viable individuals aged 18-50, broadening beneficiary inclusivity, including newcomers from Sudan and those aged 35-50 often overlooked. During the first phase of PROSPECTS 1.0, the IFC assessed gaps for refugees and any foreign-born residents to access finance. The planned activities for the phase two engagement will conduct advocacy and awareness campaigns targeting financial entities like the Central Bank, Commercial Banks, and Microfinance institutions to promote financial inclusion and access for refugees. Simultaneously, it will engage private companies to explain the opportunities to engage foreign-born residents and their vulnerable hosts. In addition, IFC will take a strategic approach to engage and leverage opportunities with existing IFC investee companies to help them adopt the FDP lens. This will include applying tools developed by the FCS Africa team related to economic development and inclusion of the domestic private sector, as well as helping them to take a practical conflict-sensitive approach. IFC will also leverage the use of Prospects blended finance instrument to both help de-risk and increase the financial viability of high-impact projects in sectors benefiting IDPs/FDPs and their host communities and increase development impact and reach. Priority sectors : agribusiness, affordable housing, education, retail, fintech, manufacturing, financial and business development services. Relevant indicator(s): 2a, 2b, and 2.1c Outputs: 2.2.1. Self-employment support to basic needs, entrepreneurship training, seeds funding, networking support. (UNHCR) 2.2.2. Wage employment inclusive profiling platform, support to basic needs, employability training and job matching and placement. (UNHCR) 2.2.3. Private companies adopted the FDP lens and engage more FDPs and HCs in their value chain (IFC). IFC will leverage FCS Africa tools to identify and manage potential risks as part of a conflict-sensitive approach in its activities | G9: Pillar 2: ECONOMIC INCLUSION | H9: IFC, UNHCR | K9: 0 | M9: 7050000 | N9: =SUM(I9:M9) -> 7050000 | O9: Greater Cairo, Alexandria, and Damietta, Aswan (N.B: potential extension to Sharkya or other gov.?) | P9: 2024-2027 | Q9: FDPs and HCs | R9: MOYS with plans to expand to other relevant Ministries; i.e. MoSS, and/or MoEnvr, MoHE, etc. Central Bank of Egypt and Egyptian Post Office, MSMEDA, chambers of commerce, etc? | S9: Civil Society/NGOs, Young people, Startups, institutions, microfinance institutions. National partners (e.g. CARITAS, Etijah, CRS, Care, Soriana and Sorya El Gahd) | T9: Access to socio-economic opportunities | U9: IFC's $7,050,000 budget is divided in to two categories. (a) $5.85 M for blended finance and (b) $1.2 M for Advisory services
B10: 2.3: Increased Access to Finance, Business Development and Entrepreneurial Support | C10: Enterprise Development and Access to Finance | D10: Aligned intervention | E10: MACP | F10: Description: PROSPECTS will initiate a multifaceted approach aimed at promoting financial inclusion and access for refugees. Through targeted advocacy and awareness campaigns, financial entities such as the Central Bank, Commercial Banks, and Microfinance institutions will be engaged to champion the cause of financial inclusion. Simultaneously, specific target groups will receive financial literacy education to empower them. An integral component of PROSPECTS involves the enhancement of "Meshwary" for FDPs/HCs, focusing on fostering entrepreneurial and social innovation skills. This initiative aligns with the expansion of the innovation labs model, providing a platform for creativity and business development. To further empower refugees and host community members, a comprehensive programme will be launched, encompassing various stages such as business training and development services. The outlined outputs include advocacy efforts for refugees' access to financial and banking services, promotion of financial inclusion by Central Bank and financial institutions, enhancement of youth entrepreneurship and social innovation skills, and support for the development of entrepreneurial skills among FDPs and HCs. Moreover, the initiative aims to enhance the financial management capabilities of FDPs and HCs and increase awareness towards freelancing, supporting individuals to find freelancing jobs. Indicators: 2a, 2b and 2.3b Outputs: 2.3.1 Advocacy on refugees access to financial and banking services (IFC, ILO and UNHCR) 2.3.2. Central Bank, Commercial Banks, Non-banking Financial Institutes, and Microfinance institutions promote financial inclusion and access for refugees (IFC) 2.3.3 FDPs/HCs adolescents and youth entrepreneurship and social innovation skills are enhanced (UNICEF). 2.3.4 FDPs and HCs supported to develop their entrepreneurial skills to start, improve, scale up, and digitalise their businesses (ILO) 2.3.5 Actual improvements in access to employment and financial inclusion de jure or de facto are ensured through technical coordination meetings among PROSPECTS partners(UNHCR). 2.3.6 FDPs and HCs are capable of managing their finances effectively (ILO) 2.3.7 FDPs and HCs increased their awareness towards freelancing and supported to find freelancing jobs (ILO). | G10: Pillar 2: ECONOMIC INCLUSION | H10: ILO, UNICEF, IFC and UNHCR | I10: 574000 | K10: 3800000 | M10: 1200000 | N10: =SUM(I10:M10) -> 5574000 | O10: Greater Cairo, Alexandria, and Damietta, Aswan (N.B: potential extension to Sharkya or other gov.?) | P10: 2024-2027 | Q10: FDPs and HCs | R10: MOYS with plans to expand to other relevant Ministries; i.e. MoSS, and/or MoEnvr, MoHE, etc. Central Bank of Egypt and Egyptian Post Office, MSMEDA, chambers of commerce, etc. National partners (e.g. CARITAS, Etijah) | S10: Civil Society/NGOs, Young people, Startups, institutions, microfinance institutions. National partners (e.g. CARITAS, Etijah, CRS, Care, Soriana and Sorya El Gahd) | T10: Access to socio-economic opportunities
B11: 2.4: Enhanced Capacity to Protect Rights at Work and Promote Safe and Secure Working Environments for All Workers | C11: Safe and secure working conditions | D11: Partner specific intervention | E11: MACP | F11: Description: The primary objective of this output is to elevate labour standards and establish safe workplaces for both FDPs and HCs. This will be accomplished through a multifaceted approach involving training, collaboration, and monitoring, all geared towards promoting fair treatment and ensuring the safety of workers. Key indicators guiding this initiative are reflecting a commitment to measurable outcomes in the enhancement of labour standards and workplace safety. The outlined outputs encapsulate the tangible results of these efforts. Firstly, there will be a concerted effort to raise awareness on safe and secure working conditions for all workers and employers. Businesses will receive support to create and maintain safe and secure working spaces. This involves practical assistance and guidance to ensure that businesses are equipped to provide an environment that prioritises the well-being and safety of their workforce. The initiative seeks not only to establish a baseline of awareness but to actively contribute to the implementation of practices that elevate labour standards and foster safe working conditions. Indicator(s): 2.4a, and 2.4b Outputs: 2.4.1 Awareness raised on safe and secure working conditions for all workers and employers. (ILO) 2.4.2 Businesses supported to provide safe and secure working spaces.(ILO) | G11: Pillar 2: ECONOMIC INCLUSION | H11: ILO | K11: 250000 | N11: =SUM(I11:M11) -> 250000 | O11: Greater Cairo, Alexandria, and Damietta | P11: 2024-2027 | Q11: FDPs and HCs | R11: MOL, employers organisations, and private sector | S11: National partners (e.g. FEI, ABA) | T11: Access to socio-economic opportunities
B12: Pillar 3: PROTECTION AND SOCIAL PROTECTION
B13: 3.1: Strengthened Legal, Policy and Regulatory Environment for Refugee Protection/Social Protection and Inclusion | C13: Strengthened Legal, Policy and Regulatory Environment for Refugee Protection and Inclusion | D13: Aligned intervention | E13: MACP | F13: Description: Under PROSPECTS Phase 1 UNICEF, ILO and UNHCR conducted five studies to enhance the inclusiveness of refugees and asylum seekers in social protection systems in Egypt. The studies provided evidence and recommendations on integrating refugees and asylum-seekers in national social protection systems, including the universal health insurance scheme while promoting long-term financial sustainability . In phase 2, the ILO will continue to support the Egyptian government in the identification of effective strategies for resource mobilization, sustainable funding and management, and equitable access to healthcare services. The intervention will also strengthen UNHCR's response to registration demands in the Sudanese Situation in Alexandria, Cairo, and other areas. This involves enhancing registration capacity through human resources and technical infrastructure. Registration appointments, recognized by the government, will be provided, granting protection against deportation. UNHCR documentation, also government-recognized, facilitates access to residency permits, basic needs, and inclusion, including education and healthcare access. Registration is essential for accessing humanitarian aid and protection services. A self-registration platform, the UNHCR Registration Appointment Portal, will be maintained to enable digital registration submissions and appointments. Digital inclusion efforts will provide free access to UNHCR online services at community centers and partner locations, promoting self-enrolment and reducing wait times for registration services. Despite the inclusion of non-Egyptian children and youth on the move, including refugee and asylum-seeker children, in the legal national frameworks and policies, the effective application of those provisions face barriers to access.​ This will require advocacy with the GoE to realise the application of provision and effective inclusion of children and youth on the move in explicit and applicable operational steps to advance equity measures among vulnerable children and youth at a national scale.​ This includes specific advocacy with the government and parliament to include FDPs in child law, new alternative care law, labour law and labour NAP, the review and rollout of the children on the move SoPs to ensure its effectiveness, and finally the advocacy for the inclusion of child-sensitive pillar in the national strategy on climate change and develop the national action plan to mitigate protection risks for FDPs in climate change crises. This output will furthermore support the the development and roll-out of a national action plan on climate change to prevent and mitigate protection risks against FDPs and HCs to protection of FDPs and CoM as well as the the development and roll-out of a national action plan on climate change to prevent and mitigate protection risks against FDPs and HCs. It should be noted that in-depth surveys, generating evidence and research/advocacy documents will be undertaken and will focus on the challenges FDPs youth and children are exposed to and discrepancies between national policies and laws and international obligations. As the situation of FDPs in Egypt is evolving over time and so is the situation of the hosting communities, the output will regularly monitor their situation with a focus on children and adolescents. This will provide previous knowledge on the services they require and their coping mechanisms. To this end, frequent rounds of quantitative and qualitative research activities will be conducted, including through phone-based surveys, FGDs and in-depth interviews. In addition, this output will focus on increasing the availability of quality, up-to-date data and evidence on the challenges of children and adolescents. ​It will focus on generating evidence to highlight the discrepancies between national policies and laws on social protection and international obligations, and which stand in the way of transitioning refugees from humanitarian assistance to national social protection systems. ​ With the legislative advancement of the impending Asylum Law in October and November 2024, there will be the entry into force of the Law, with the development of Executive Regulations and bylaw, with an expected transition of Registration and Refugee Status Determination (RSD) responsibilities from UNHCR to the GoE. Indicators: 3.1a, Outputs: 3.1.1 Fair and swift access to registration services for all persons potentially in need of international protection (UNHCR) 3.1.2 The government of Egypt has strengthened capacities to legislate and enforce inclusive and rights-based legal frameworks and policies that promote refugee and migrant children on the move's rights. (UNICEF)​ 3.1.3 The design for sustainable management and financing for UHIS inclusive of refugees is supported (ILO, UNHCR, UNICEF). 3.1.4 Support the execution of the Asylum Law and the smooth implementation of a UNHCR-GoE Transition plan, with respect to Registration, Documentation and Refugee Status Determination (RSD), with a multi-year-phased approach, that is based on international and regional norms and standards, as well as holistic, sustainable from the outset, and state-owned | G13: Pillar 3: PROTECTION AND SOCIAL PROTECTION | H13: UNHCR and UNICEF | I13: 786073 | J13: 4255560 | K13: 0 | N13: =SUM(I13:M13) -> 5041633 | O13: ; Greater Cairo (Cairo, Giza, Qalubiya) , Damietta, North Coast Alexandria, and Aswan. For 3.2 c all governorates. | P13: 2024-2027 | Q13: All Refugee children | R13: National Council for Childhood and Motherhood (NCCM), Ministry of Social Solidarity (MoSS), National Coordinating Committee for Combatting Illegal Migration and Trafficking in Persons (NCCPIM&TIP) | S13: Caritas Egypt and Save the Children International, Plan International Egypt | T13: Access to rights
B14: 3.2: Refugees and HCs Have Increased Access To (Strengthened) Community-based, Local and/or National Protection Mechanisms/Services | C14: Increased Access to Community-based, Local and/or National Protection Mechanisms / Services and GBV prevention | D14: Aligned intervention | E14: MACP | F14: Description: In response to the pressing need for child protection services, exacerbated by the influx of migrants and refugees from Sudan, the Phase II builds on the action and results achieved through PROSPECTS I and aims at establishing a comprehensive child protection network and expand the protection services through all platforms accessible to children towards a comprehensive protection umbrella for children. Key interventions include continuing the capacity building of relevant institutions in charge of providing protection services, more specifically: to the Ministry of Health and Population (MoHP) through Family Clubs (FCs); to the Ministry of Youth and Sports (MoYS) through the Community Centers (CCs) and Youth Centers (YCs), including cascading Dawwie (the national girls empowerment imitative) as a dynamic tool for girls empowerment through Meshwary, Sports for Development (S4D) programs, and the Family Clubs in MoHP; to the Ministry of Social Solidarity (MoSS) through the advocacy and implementation of alternatives to administrative detention; to NCCM for the child-protection referral services and advocacy through the child helpline (CHL); and community awareness and advocacy on FDPs and irregular migration issues through The National Coordinating Committee for Combating and Preventing Illegal Migration and Trafficking in Persons (NCCPIM & TIP). In addition, sustained advocacy will be conducted for the release of children from administrative detention and to promote alternatives to detention. The earlier mentioned government services are directly linked through the national and interagency referral mechanisms, where the services that are not yet provided by the governmental actors are provided through NGOs, INGOs, and community-based networks. This includes services related to specialized mental health and psychosocial support (MHPSS), case management, and positive parenting. The non-governmental services are provided through specialized service centres, child-friendly spaces, child-friendly mobile units, and Refugee Community Schools to reach out to other community-based grassroots structures that are not accessible through the fixed spaces. In addition to strengthen the capacity of all the above mentioned Government service providers, this output will support the establishment and strengthening of community-based networks as well as their linkage with national mechanisms for continuous service provision to FDPs, children on the move (COM) and HCs. The existing referral mechanisms will be strengthened and expanded between CP services, and other basic social services (including health, education, legal aid, etc) on protection cases affecting FDPs, COM and HCs Moreover, a comprehensive training program for facilitators in the Dawwie package will be conducted, after which volunteers will host camps for children and parents, covering a range of topics from storytelling to challenging gender stereotypes through sports (suggest remove this last sentence as it too detailed and not in line the description). Indicators: 3.2b Outputs: 3.2.1 Child protection service providers, formal and community-based, at national and subnational levels, have strengthened capacities to provide improved quality prevention and response services for FDPs, CoM, and HCs. (UNICEF) 3.2.2 Parents and Children camps (UNHCR) | G14: Pillar 3: PROTECTION AND SOCIAL PROTECTION | H14: UNHCR, UNICEF, ILO | I14: 2338393 | K14: 0 | N14: =SUM(I14:M14) -> 2338393 | O14: Greater Cairo, Alexandria, Damietta and Aswan | P14: 2024-2027 | Q14: FDPs and HCs | R14: Ministry of Health and Population (MoHP) Ministry of Youth and Sports Ministry of Social Solidarity (MoSS) National Council for Childhood and Motherhood (NCCM) The National Coordinating Committee for Combating and Preventing Illegal Migration and Trafficking in Persons (NCCPIM & TIP)
B15: 3.3 Refugees and HCs Who Do Not Have Access to the Community-based, Local And/or National-level Protection Services Are Provided with Complementary Partner-delivered Protection | C15: Inter sectoral call centre (Infoline) | D15: Partner specific intervention | E15: MACP | F15: Description: To bolster effective communication with and accountability to refugee and asylum-seeker communities, an Egypt Refugee Interagency Contact Center (ERICC) will be established as a collaborative effort involving agency representatives. This tool provides essential information and assistance, facilitated by proprietary software. The software serves as the system's backbone, enabling call management, data collection, tracking of inquiries, and a referral network to connect callers with relevant services. Additionally, it includes a comprehensive Q&A database for consistent responses. The ERICC extends its role beyond initial objectives, contributing to Participatory Disaster Management (PDM), impact assessments, and protection monitoring. The project aims to streamline feedback channels, enhance transparency, and empower refugees and asylum-seekers by integrating separate feedback platforms into one. It offers a confidential way to report misconduct, manage feedback effectively, amplifies refugee voices, and gathers valuable data to adapt programming based on community needs. Query categorization ensures efficient handling of a wide range of queries, addressing everything from general feedback to urgent matters like GBV, SEA, and security issues with a 24-hour response time. This comprehensive approach ensures queries are promptly addressed to benefit affected communities. With the expected signing of the Asylum Law, the ERICC and other communication strategies employed will amplify the 2-way communication methods with the refugee communities to support both improved service access and improve their engagement in the development of the GoE's asylum management system and in the execution of the UNHCR-GoE Transition regarding Registration, Documentation and Refugee Status Determination (RSD). | G15: Pillar 3: PROTECTION AND SOCIAL PROTECTION | H15: UNHCR | J15: 938400 | K15: 0 | N15: =SUM(I15:M15) -> 938400 | P15: 2024-2027
B16: 3.4: FDPs and HCs Have Increased Access To (Strengthened) Community-based, Local and/or National-level Social Protection Mechanisms/Services | C16: Support National Social Protection systems | D16: Collective intervention | E16: MACP | F16: Description: Phase II of the programme will lay the groundwork for inclusion of refugees in the national social protection system and strengthen the national system for FDPs and HCs. It will support the implementation of a proof of concept providing cash assistance to 1,000 vulnerable refugee families, ensuring their link to other services and economic empowerment activities. The intervention will be coupled with capacity building of government actors and with interventions to remove barriers to access through sustained advocacy with the GoE. For the proof of concept on social assistance, a financing model, in collaboration with MoSS and MoF, is to be designed to ensure long-term sustainability without exacerbating existing fiscal challenges. The goal is to support the government to achieve an inclusive social assistance system that fosters the well-being and integration of refugees and asylum-seekers, granting them equitable access to essential support. Building on PROSPECTS 1.0, a costing analysis for the inclusion of refugees and asylum-seekers, within the Takaful and Karama Programme will be conducted, further developing the understanding and actual expenditure modelling for refugees and and asylum-seekers’ inclusion. Furthermore, the Phase II will provide technical support to the Ministry of Finance and the UHIA to expand coverage to refugees and asylum-seekers, and the informal economy. This includes capacity-building for the UHIA team, integrating policy-driven recommendations, facilitating awareness and social dialogue, identifying vulnerable groups for government subsidies, and enhancing data systems for monitoring and piloting implementation. In addition, PROSPECTS in cooperation with the Ministry of Social Solidary will provide 1,000 female Sudanese with civil service and volunteering opportunities in return of a cash assistance of 500 EGP per person monthly over 6 months. Women will also benefit from the employment and skills programme through PROSPECT to enhance their employability. Moreover, in close collaboration with partners, activities would facilitate the development of a financing mechanism and capacity development for relevant national partners​. In parallel, with close coordination with Ministry of Youth and Sports, the outputs aim to support FDPs and HC to access community spaces in Greater Cairo, Alexandria, Damietta and Aswan Governorates in Egypt, with an objective of extending improved range of community center services for the diverse groups of community members. This includes capacity building and technical support to the Ministry of Youth and Sports and UNHCR's partners in international refugee protection and working with diverse groups of persons in the community center. This output includes the provision of specialized protection services, case management, and mental health and psychosocial support to FDPs and HCs, including Best Interest Procedures for refugee and asylum-seeker children at risk, to ensure their inclusion in the national protection systems. In support of this, functional child protection referral mechanisms will be enhanced through close coordination with national counterparts; capacity development for key institutions such as MoSS and the NCCM; strengthening the national child helpline; and ensuring that safe reporting mechanisms for refugee and asylum-seeker children are in place through schools and community-based structures will be undertaken. PROSPECTS phase 2 in cooperation with the Ministry of Social Solidary, the ILO will provide female Sudanese refugees with cash for work through civil services and volunteering opportunities. This intervention is a joint effort building on the UNICEF cash transfer programme, a pilot top-up cash transfer program, in which the ILO will target some of the beneficiaries, to provide work at the working women support centres for 8 days per month over 3 months. Beneficiaries will receive 1,000 USD and will be included in the skills development programme under PROSPECTS to enhance their employability. This intervention would serve for finding linkages between the different pillars under PROSPECTS. With the legislative advancement of the impending Asylum Law in October and November 2024, there will be the entry into force of the Law, with the development of Executive Regulations and bylaws, with an expected opportunities to advance on inclusion and regularize access to State-Based protection services. Indicators: 3.4b, 3.4c, 3.5a, 6d, and 6e Outputs: 3.4.1 The UHI system is strengthened to include refugees and the informal workers and support the development for the pilot implementation for both populations (ILO & UNHCR). 3.4.2 Female Sudanese refugees are supported through cash for work and skills development programme (ILO). 3.4.3 Proof of concept for the inclusion and development of a financing model for vulnerable refugee families with children and adolescents within the national social assistance programme, aligned to the design features of the national system ​(UNICEF, UNHCR) 3.3.4 Strengthened implementation of an inclusive national social assistance programme through capacity building and technical support and peer-to-peer learning​ (UNICEF) 3.4.5 National social protection system is strengthened to effectively support vulnerable FDP children and families​ (UNICEF) 3.4.6 Refugees and HCs have increased access to (Strengthened) Community-based, Local and/or National Protection Mechanisms/Services (UNHCR) 3.4.7 Strengthening social cohesion between FDPs and Host communities - Support the establishment of inclusive community centers (UNHCR) 3.4.8 Linking models to graduate out of non-contributory social protection systems/assistance (UNHCR) 3.4.9 Lessons learned for economic inclusion opportunities identified in liaison with FORSA (UNHCR) 3.4.10 PROSPECT activities support the improved access for FDPs within the development of the asylum manageement system related to the impending enactment of the Asylum Law. | G16: Pillar 3: PROTECTION AND SOCIAL PROTECTION | H16: UNHCR, UNICEF, and ILO | I16: 3722971 | J16: 3886080 | K16: 1000000 | N16: =SUM(I16:M16) -> 8609051 | O16: Greater Cairo, North Coast and possibly Aswan (if registration is allowed) | P16: 2024-2027 | Q16: FDPs | R16: MoSS , MOYS | S16: Consultancy firm/NGOs | T16: Access to rights | U16: Building on from the established strategic partnership with the MOYS to ensure refugees and asylum seekers have equal access to the Government community centers as Egyptians. Building and strengthening a national social assistance systems..
B17: 3.5: FDPs and HCs Who Do Not Have Access to the Community-based, Local and/or National-level Social Protection Services Are Provided with Complementary Partner-Delivered Social Protection | C17: NA | E17: MACP | F17: Description: A transition from the existing community digital learning spaces, which were established under PROSPECTS Phase 1 ( 5 in Greater Cairo, and 2 centers in Alexandria), to more inclusive and accessible digital community centers will be undertaken to include diverse groups of refugees and asylum-seekers in line with UNHCR's Age, Gender and Diversity policy. This transition will lead to multi-purpose community centres as safe and inclusive spaces where refugee women, men, boys and girls of diverse backgrounds, including person with diverse Sexual Orientation and Gender Identities and Expression, can meet for social and recreational activities and access available services, information and referrals through refugee outreach, psycho-social support as well as assistance and individual case management to address specific needs of persons with disabilities and other vulnerable persons. The availability of information, including enabling digital access in computer labs for a wide range of integrated services and programmes for people with diverse profiles and needs in one location, is important and complementary to services that are offered by the MoYS. Community centres' links with other facilities and service providers to ensure accurate information and functioning service referrals will also be critical to advance inclusion and social cohesion with host community members. Outputs: 3.5.1 Community center activities 3.5.2 Inclusive infrastructure | G17: Pillar 3: PROTECTION AND SOCIAL PROTECTION | H17: UNHCR | J17: 2184799 | K17: 0 | N17: =SUM(I17:M17) -> 2184799 | P17: 2024-2027
B18: Pillar 4: CRITICAL INFRASTRUCTURE
B19: 4.1: Improved Access to WASH Facilities by FDPs and HCs | C19: Improved access to water, sanitation and hygiene (WASH) in school for FDP and HC | D19: Partner specific intervention | E19: MACP | F19: Description A WASH assessment will be conducted in public primary and secondary schools in programme priority areas to identify the main WASH gaps that need to be filled. The result of the assessment will inform WASH in school interventions. This includes construction or improvement of water and sanitation facilities, also to make them more inclusive and accessible. The assessment can also serve to inform the design and implement a soft WASH component to improve WASH related social norms and behaviours. WASH interventions will be funded partly as part of MACP. Based on the first assessments, WASH in school interventions that support and are delivered in close consultation with both FDPs and HCs will be delivered in 5 schools. In addition, the assessment and the 5 school pilot implementation, will serve as basis for further WASH in school interventions through other funding sources as well as to inform Government's efforts (i.e. through domestic funding) towards improved WASH in school. | G19: Pillar 4: CRITICAL INFRASTRUCTURE | H19: UNICEF | I19: 50000 | J19: 600000 | K19: 0 | N19: =SUM(I19:M19) -> 650000 | O19: Greater Cairo (Cairo, Giza, Qalubiya) , Damietta Alexandria, and Aswan | P19: 2024-2027 | Q19: FDPs and HCs | R19: Governmental Water Authorities under the Ministry of Housing at Governorate Level, MoETE.
B20: 4.2: Enhanced Management, Capacity, And Sustainability for Critical Infrastructure | C20: NA | F20: NA | K20: 0 | N20: =SUM(I20:M20) -> 0
B21: 4.3: Improved Access to Quality and Affordable Housing by FDPs and HCs | C21: NA | E21: MACP | F21: Description: The triple pressures of the pandemic, Egypt’s economic difficulties, and the Sudan influx have resulted in housing becoming a major concern for refugees. Economic hardship combined with increased competition for housing have led to widespread reports of homelessness among FDPs. The Critical Infrastructure pillar would be a valuable entry point to support RLOs working on housing, to provide legal aid to FDPs facing eviction and exploitation, to provide housing grants through regular cash assistance support and to map and advocate for the greater inclusion of FDPs into social housing. Indicators: Outputs: 4.3.1 Enhanced support to RLOs working on housing in the community. 4.3.2 Legal aid for refugees on housing to address issues including eviction and exploitation that are on the rise since the Sudan situation. 4.3.3 An extension of housing grants. 4.3.4 A mapping of refugee housing and conditions in Greater Cairo. 4.3.5 Advocacy towards a quota of social housing for refugees and asylum-seekers. | G21: Pillar 4: CRITICAL INFRASTRUCTURE | H21: UNHCR, IFC | J21: 210000 | K21: 0 | M21: 376595 | N21: =SUM(I21:M21) -> 586595
B22: 4.4: Improved Inclusive Access to Digital Connectivity and Internet for FDPs and HCs | C22: Improved connectivity services | D22: Collective intervention | E22: MACP | F22: Description: Set up of connectivity facilities in UNHCR receptions waiting areas to allow refugees to access verified and safe information on employment opportunities and complementary pathways and avoid scams. The reception centres will be enhanced by installing tablets and information booths. These will enable access vital services, including those from partners like PROSPECTS. Refugees will soon be able to connect to the internet for employment resources, obtain information on pathways like Family Reunification, address frequently asked questions, and undergo online training for safe digital livelihoods. Relevant indicator(s): 4.4a) Outputs: 4.4.1 Access to information on employment related services and connectivity are provided to refugees during reception. (UNHCR). 4.4.2 FDPs and HCs supported with tech tools and equipment through competitions (for example, for those enrolled and completed digital skills development trainings). | G22: Pillar 4: CRITICAL INFRASTRUCTURE | H22: UNHCR and ILO | J22: 30000 | K22: 500000 | N22: =SUM(I22:M22) -> 530000 | O22: Cairo and Alexandria (Aswan if registration allowed) | P22: 2024-2027 | Q22: FDPs | R22: MOYS / MOSS | T22: Access to rights
B23: CROSS-CUTTING
B24: Cross-cutting Policy-work | C24: Cross-cutting Policy work and Capacity Development for national partners to better response (market-led interventions) to refugees’ and host communities’ context | D24: Aligned intervention | E24: MACP | F24: Output: ILO National and local partners with increased awareness and adequate capacities to respond to the specific needs of FDPs and HCs Relevant Indicator (s): 6d, and 6e Key Activities: 1. Advocate for refugees' inclusion in the under-planned Egypt National Employment Strategy. (ILO) 2. Advocacy for introducing a maternity benefit cash programme for refugees and host communities’ population (ILO): Building on the published feasibility joint study (ILO-UNHCR), this intervention aims to present the case for the integration of the vulnerable population in the SHI scheme to other social protection benefits (maternity benefits as an entry point for expansion). Through this activity, ILO will increase the national counterparts’ capacity to link the maternity cash benefit with health insurance for this vulnerable population. This includes a review of the legal provisions and costs of extending maternity benefits with policy options for effective implementation. Through the proposed activity, we will explore costing and financial options for this extension to increase the capacity of the national partners to create fiscal space for social protection on the national level. 3. Promote and advocate on Greening TVET (ILO): this activity will focus on strengthening the capacity, knowledge, and capabilities of line ministries (e.g. MoL MoHEScR) and private sector companies to green occupations, and advocate developing new curricula and/or update TVET and Education policies to integrate greening TVET aspects. 4. Awareness raised on the quality apprenticeship Recommendation and Mainstreaming the recommendation on the policy and implementation levels (ILO): The Policy document has been signed by the GOE at the ILO Conference in May 2023. The ILO will support the GOE on the implementation of the recommendation across sectors and line ministries as well as the private sector, and concretely implement the best practices such as the need to include refugees and migrants and ensure that the global policy is trickled down to the country level. 5. Capacitate the national partners to respond to the specific needs of FDPs and HCs (ILO). 6. Utilize the probable promulgation of the Asylum Law and the development of bylaws to support this intervention. | H24: ILO | K24: 255307.98 | N24: =SUM(I24:M24) -> 255307.98 | O24: National level | P24: 2024-2027 | Q24: Governments and National partners
B25: Better socio-economic understanding and response to refugees’ and host communities’ context | C25: Knowledge Management and sharing, and Public Events: Better socio-economic understanding and response to refugees’ and host communities’ context | D25: Collective intervention | E25: MACP | F25: Output: 1. Evidence-based knowledge products and toolkits that encompass FDPs and HCs needs and local context are available, and/or adopted by national partners. 2. Awareness raised around refugees and host communities issues. 3. Better understanding of refugees socio-economic characteristics as well as potential market-led interventions in refugees’ and host communities’ context (KM&S). Relevant Indicator (s): 6h and 6j Key Activities: 1. Produce studies to strengthen the programme response. 2. Public events and policy-level roundtables to advocate for refugees issues (studies' findings and recommendations). 3. Awareness raising events around refugees and host communities issues. 4. Regular socio-economic skills assessments. | H25: ILO, and UNHCR | K25: 250000 | N25: =SUM(I25:M25) -> 250000 | O25: National level | P25: 2024-2027 | Q25: Governments and National partners as well as FDPs and HCs | R25: Possibly CAPMAS | S25: Consultancy firm/NGOs
B26: Cross-pillar | C26: Analytical Activities on Spillover Effects of the Sudan Crisis and Inform Dialogue with Partners on Policy options | D26: Aligned intervention | E26: MACP | F26: Description: Bank-executed work in Egypt will allow to expand ongoing analytical activities on spillover effects of the Sudan crisis (e.g., socio-economic and employment impacts on Egyptian households, coping behaviors, perceptions etc.) and inform dialogue with international and government partners on policy options that are relevant to the Bank engagement (e.g., inclusive social services). The groundwork for a potential Bank investment supporting refugees and host communities would be facilitated, if requested by the government. Once the scope of work is defined, this activity or set of activities might be merged with other lines and become aligned/collective. Output: 1. Understanding the spillover effects of the Sudan crisis 2. Informed policy dialogue with international and government partners relevant to the Bank's engagement Relevant Indicators: TBD Key Activities: TBD | G26: Pillar 3: PROTECTION AND SOCIAL PROTECTION | H26: WB | L26: 500000 | N26: =SUM(I26:M26) -> 500000 | O26: Egypt | P26: 2024-2027 | Q26: TBD | R26: TBD | S26: TBD | T26: Access to basic services
C27: Referral mechanism between partners and programmes | D27: Collective intervention | E27: MACP | F27: Description: Ensure referrals across PROSPECTS partners and beyond for economic inclusion purposes. Output: Refugees and PROSPECTS beneficiaries benefit from PROSPECTS initiatives across organisations and initiatives (UNHCR). Relevant indicator(s): 6f and 6g Key activities: 1. Set up a simplified referral mechanism for beneficiaries of PROSPECTS employment interventions with the participation of all partners involved. 2. Identify ways for refugees to directly manage their profile and share it with certified partners beyond PROSPECTS. | G27: Pillar 2: ECONOMIC INCLUSION | H27: UNHCR, UNICEF, IFC, and ILO | N27: =SUM(I27:M27) -> 0 | O27: Greater Cairo, Alexandria, and Damietta | P27: 2024-2027 | Q27: PROPSECTS implementing partners
B31: Total MACP activity costs USD
B32: Organization | C32: Total (2024-2027)
B33: UNHCR | C33: =SUMIF($E$3:$E$27,"MACP",J3:J27) -> 15507519
B34: UNICEF | C34: =SUMIF($E$3:$E$27,"MACP",I3:I27) -> 13058902
B35: ILO | C35: =SUMIF($E$3:$E$27,"MACP",K3:K27) -> 11205308
B36: World Bank | C36: =SUMIF($E$3:$E$27,"MACP",L3:L27) -> 500000
B37: IFC | C37: =SUM(M3:M27) -> 8626595
B38: Total | C38: =SUM(C33:C37) -> 48898324
B40: Total OF activity costs USD
B41: Organization | C41: Total (2024-2027)
B42: UNHCR | C42: =SUMIF($E$3:$E$27,"OF",J3:J27) -> 0
B43: UNICEF | C43: =SUMIF($E$3:$E$27,"OF",I3:I27) -> 0
B44: ILO | C44: =SUMIF($E$3:$E$27,"OF",K3:K27) -> 0
B45: World Bank | C45: =SUMIF($E$3:$E$27,"OF",L3:L27) -> 0
B46: IFC | C46: =SUMIF($E$3:$E$27,"OF",M3:M27) -> 0
B47: Total | C47: =SUM(C42:C46) -> 0

Sheet Tab 3.a Policy Matrix NEW
B2: Policy Priorities | C2: Key challenges | D2: Key milestones | E2: Key stakeholders | F2: Support through programming
B3: Identify and pursue the adoption of temporary and long term solutions to the delays in registration of FDPs | C3: • Also, GoE has not given approval for UNHCR to register in Upper Egypt (Aswan), despite various levels of advocacy. Therefore, with UNHCR registration centers are in Greater Cairo and Alexandria, this forces refugees to undertake long, sometimes unsafe, journeys to complete registration, further complicating access. • From July 2024, the GoE changed its immigration policy regarding Syrians, reducing tourist visas from 6 to 3-months without the possibility of renewal in-country. This forces Syrians to exit and re-enter if the seek to continue staying in Egypt. From before July to the present, there has been an 8-fold increase in number of Syrians requesting re-activation of registration files, (average of 7 requests per week to 55 requests per week since July), with UNHCR reopening registration of Syrians on a limited scale, prioritizing based on vulnerabilities '• UNHCR registration remains a vital protection tool with capacities stretched given the demand and services limited to Greater Cairo and Alexandria. The registration process for refugees and asylum seekers has extended to 7 months for the average wait time, while fast-tracking continue to effectively support those most vulnerable with emergency registration on the same day and others supported within one week to two months, depending on their situation. • A very concerning challenge is related to the over 865 days wait-time (as of 04 December 2024), to obtain asylum-based residence through the GoE Immigration. And this has impacted UNHCR-registered refugees and asylum seekers, due to the 30 June GoE Instruction that stipulates only foreigners with valid residency are able to access public services. Additionally, in the fourth quarter of 2024, residency violations has been the number one ground for arrest, which has significantly impacted UNHCR-registered individuals. • With the legislative advancement of the impending Asylum Law in October and November 2024, there will be the entry into force of the Law, with the development of Executive Regulations and bylaws, with an expected transition of Registration and Refugee Status Determination (RSD) responsibilities from UNHCR to the GoE. | D3: - Advocacy ongoing with MOE for a waiver of valid residency permit and allow children to be enrolled in schools pending residency issuing. '- With approval from the GoE, UNHCR launched its online tool, UNHCR Registration Appointment Tool (U-RAT) on 12 August 2023, with 25,000 individual having received their appointments online, as of 28 November. The GoE's House of Representatives approved the draft asylum law on 19 November 2024, for which the signing by the President and its publication in the Official Gazette are the next steps expected in the near future. (A draft version was put online by the media on 19 November.) | E3: Ministry of Education. Ministry of Foreign Affairs. Ministry of Social Solidarity. National Council for Childhood and Motherhood. Central Agency for Public Mobilization and Statistics Ministry of Youth and Sports. - Civil Society | F3: Access to Asylum: With ongoing GoE advocacy on extending registration services to Upper Egypt, UNHR continues with the U-RAT with plans to expand use of the tool and is preparing for the launching the Egypt Refuee Interagency Contact Center (ERICC). Access to asylum-based residency: Advoacy with GoE includes proposing three different ways to improve refugees and asylum seekers' access-- through 1) Digitalizing and decentralizing residency registration to streamline access, potentially reducing travel requirements and speeding up documentation processes. This approach would help refugees complete registration processes closer to their locations and improve access to essential services. 2) Extend the validity of the asylum-based residency period from 6 months to 12 months, which would lessen the load on the GoE Immigration Authority, and also provide refugees and asylum seekers greater opportunities to improve resilience-- to open bank accounts Temporary waivers for residency documentation to enroll in services to help refugees access critical services (helath, education CP, etc) while waiting for full documentation. This includes allowing proof of a residency appointment or UNHCR card as interim documentation. 3) Temporary waivers for residency documentation to enroll in services to help refugees access critical services (helath, education CP, etc) while waiting for full documentation. This includes allowing proof of a residency appointment or UNHCR card as interim documentation. Asylum Law & UNHCR-GoE Transition regarding Registration, Documentation and RSD: 1) Ongoing advocacy by UNHCR and stakeholders with GoE to ensure that the law is in line with international and regional norms and standards. 2) UNHCR has developed an outline for the GoE, to ensure a smooth transition, highlighting the needs for a roadmap for the GoE's assumption of responsibility of those delegated to UNHCR as per the 1954 Memorandum of Understanding. To that end, UNHCR recommends the GoE plan for a gradual, multi-year-phased transition, that is based on international and regional norms and standards, as well as holistic, sustainable from the outset, and state-owned. 3) Ensure that attention to the Asylum Law is multi-sectoral and is relevant for all aspects of the PROSPECTS programme-- with coordination being undertaken by UNHCR through the Refugee Coordination Model and the UNCT, as well as incorporated within the JPMR.
B4: Tackle underlying barriers constraining access to education, namely: Residency and capacity limitations | C4: • Refugee children face high barriers in accessing formal education. Residency documentation is often required for enrollment, and lengthy delays in registration impact children’s school access. • The National Education System's Capacity has constraints, such as overcrowded public schools prioritizing nationals, result in limited educational options for refugees, particularly in areas with high refugee populations like Aswan and Cairo. | D4: advocate with MOE for a waiver of valid residency permit and allow children to be enrolled in schools pending residency issuing. - In the interum, establish community kearning spaces in regsitered NGOs to provide education and learning for children facing delays with residency permit issueance. - Design and implement with MoE and Learning spaces a meaningful capacity building program to overcome the overcrowdedness in areas with high density of refugee families. | E4: Ministry of Education. Ministry of Foreign Affairs. Ministry of Social Solidarity. National Council for Childhood and Motherhood. Central Agency for Public Mobilization and Statistics Ministry of Youth and Sports. | F4: (Related to the above, the challenges related to asylum-based residency.) Temporary waivers for residency cocumentation: To address immediate enrollment challenges, temporary waivers of residency documentation allow children to use proof of residency appointments or their UNHCR card to enroll in schools while waiting for full residency documentation. Aligning Residency Duration with School Year: Aligning the validity period of residency permits with the school year can help children remain in education consistently without being interrupted by documentation renewals. System strengthening to increase capacity: Building additional classrooms in public schools, particularly in high-demand areas like Aswan and Cairo to alleviate overcrowding. This approach aligns with the government’s direction to expand national systems rather than creating parallel education systems for refugees. Advocacy and provision of information in Refugee Communities: Raise awareness about access to services to help families understand their rights to education and navigate enrollment processes despite documentation delays.
B5: Address legal and regulatory constraints on employment and business registration | C5: • Refugees face severe restrictions in accessing formal employment, as there is no clear legal framework allowing them to work. While some advocacy progress has been made with the Ministry of Labour, work permits and legal protections remain limited. • Business registration for refugee-owned enterprises is hampered by bureaucratic and legal barriers, relegating many refugee businesses to the informal sector. This leaves refugee entrepreneurs vulnerable to exploitation and restricts their access to formal financial services and business growth opportunities. | E5: - Ministry of Labour - NCCM. - CAPMAS - Ministry of Health. - Ministry of Manpower. - Ministry of Finance - Ministry of Planning and economic development - Development partners & IFIs | F5: Advocacy for simplified business licensing and incentives: To ease access to formal employment and enterprise, advocacy efforts to simplify business licensing processes and create incentives for the formalization of refugee-owned businesses. Engagement with Financial Institutions and Private Sector: Collaborative efforts to address financial regulatory challenges that affect refugees' access to formal banking and financial services. This includes exploring partnerships with financial institutions, like Western Union and the post office, to model inclusive financial practices for refugees. Evidence-based advocacy for employment Inclusion: Evidence-based advocacy with the Ministry of Labour on refugees’ inclusion in the National Employment Strategy. This includes workshops and initiatives to raise awareness and build capacity for refugee employment among policymakers and private sector.
B6: Increase the extent to which the national social protection schemes are inclusive for FDPs (T&K and UHI). | C6: • Social protection programs in Egypt are not currently designed to include refugees, limiting their access to health, social welfare, and financial support services. Even though discussions on inclusive social protection have started, the administrative, legal, and policy framework has not yet been adapted to accommodate FDPs. • This exclusion makes refugees particularly vulnerable to economic instability and restricts their resilience in times of crisis. | E6: - Ministry of Foreign Affairs. - Ministry of Social Solidarity. - NCCM. - CAPMAS - Ministry of Health. - Ministry of Manpower. - Ministry of Finance - Ministry of Planning and economic development - Development partners & IFIs | F6: Joint, evidence-based advocacy to incorporate refugees into Egypt's social protection system. This includes engaging decision-makers in discussions around expanding health, welfare, and financial services to accommodate refugees. Pilot Inclusion of Refugees in Universal Health Insurance (UHI): An agreement for a pilot program in Ismailia aims to include refugees in Egypt’s UHI system. This pilot can set a precedent for broader inclusion. Engage financial institutions to adapt their services for refugees, to address the gap in financial support services by offering inclusive banking and credit options. Capacity-building efforts target government and NGO staff to equip them with best practices for integrating refugees into social services to develop institutional readiness for more inclusive policies and effective service provision.

Sheet Tab 3. Policy Matrix PREVIOUS
B2: Policy Priorities | C2: Key challenges | D2: Key milestones | E2: Key stakeholders | F2: Support through programming
B3: Improved access to public education for FDP children living in Egypt regardless of nationality or income. | C3: - Limited integration of FDPs in public schools due to: * Egypt's reservation on the 1951 Convention relating to refugees' access to public services, including education. Only refugees from Syria, Sudan, South Sudan and Yemen are allowed access to public schools based on certain exceptions granted by the Minister of Education and annually renewed. * High density of classrooms in public schools that pushes many, particularly Syrians, to enroll in public schools for examination/certification, leading to them attending half the week in public schools and the other half in a Syrian learning centers teaching the Egyptian curriculum. * The vast majority of Sudanese and other Sub-Saharan refugee children register in the Sudanese community learning centers with Sudanese curriclum, which however are not regulated, in addition to lacking some of the basic standards for education institutes. * All education is fee-paying, making it unaffordable to many. While public schools are charging a minimal fee equal to nationals, for a large familiy it is still a huge challenge to find this amount to enroll all of their children in schools. - Physical school environment of community learning centers needs improvement and public schools require more work in the area of social cohesion and peacful coexistence in addition to space to practice sports and deliver extracurrcular activities. - Limited access to learning opportunities and poor learning outcomes hinder FDPs' enrolment and retention in formal and non-formal education. High density of students in public schools affect learning outcomes and the overall quality of education. - Integration of FDPs in non-formal learning and skilling is still limited. - Lack of transferrable, digital literacy and marketing skills to support refugees' employability and entrepreneurship. - The digital divide hampers FDPs' access to information, learning, and employment opportunities. | D3: - Access to public education for all refugees and asylum-seeker children living in Egypt regardless of nationality or income improved. - A free alternative community-based education model that hosts both FDPs and HCs developed and tested. - Updated curricula to foster inclusion. - Youth centres converted into community centre models (CCM) for inclusive participation of FDPs/ HC adolescents and youth with focus on youth engagement, skilling and improved services. - Protection standards in the non-formal community learning centres improved. - Public schools are better equipped to increase absorption capacity and enroll more refugee children into the more sustainable public school system. - Support to children with disability and unaccompanied and separated children expanded to enable them to enroll in schools that have the model of education and care suitable for their needs. - EVIS packaged is integrated in the MoETE extra-curricula | E3: Ministry of Education. Ministry of Foreign Affairs. Ministry of Social Solidarity. National Council for Childhood and Motherhood. Central Agency for Public Mobilization and Statistics Ministry of Youth and Sports. - Civil Society | F3: - Build the capacity of teachers to integrate refugees in their classrooms. - Improve the physical environment. Consider mobile classrooms and improve access to home-based learning. - Improve access to blended online/offline learning modalities. - Develop and implement standards for community schools. - Establish free of charge learning spaces. - Continue the education cash grants, but consider a phasing out approach. - Include school safeguarding in the teacher training package. -Community centre model to attract public/private partnerships for self-sustainability and to introduce innovative programs related to skills, entrepreneurship and digital leading to employment opportunities. - Support MoYS in developing updated training skills curricula including on entrepreneurial, digital skills, green skills, language, etc. - Build institutional capacities and develop a cadre of skills and career guidance from MoYS trainers. - Support private sector apprenticeships/internships through career guiding services to attract older adolescents and youth.
B4: Enhanced opportunities for FDPs to access the labour market and improve their livelihoods | C4: - Regulatory challenges in Labour market inclusion and limited access to formal employment. - limited jobs availability in the national context which leads to restricted livelihood opportunities for refugees and vulnerable migrants and risk of exploitation. - Digital literacy skills, marketing skills, employability, entrepreneurship, and social innovation skills. - Many of the FDPs not engaging in the activities offered by MoYS youth centres, primarily due to insufficient awareness and lack of positive incentives. | D4: - Refugees are increasingly included in the Egypt National Employment Strategy through high level and technical level advocacy with MOL. - Policy changes to improve Labour market inclusion de jure and de facto to ensure access to opportunity and reduce exploitation. - The new refugees' law done by the Government provides increased clarity on refugees access to the labour market. | E4: Ministry of Foreign Affairs Ministry of Education Ministry of Labour | F4: - Evidence-based advocacy efforts for policy changes for employment and financial inclusion of refugees with relevant actors, based on socio-economic data collected and policy analysis conducted. - Development of market-relevant skills based potentially relevant areas of work in line with refugees' expertise and background. - Facilitate job matching opportunities to ensure refugees can access decent jobs and work with dignity contributing to the Egyptian economic labour market. - Financial education and awareness to allow refugees to better navigate economic and financial opportunities and challenges and better face the challenges linked to the current economic crisis. - Strengthen entrepreneurship support initiatives for refugees to successfully access self-employment opportunities, overcome economic challenges and risks and participate to the market in competition and complementarity with the nationals.
B5: Foreign-Born Residents including the refugees gain improved access to finance | C5: - Lack of awareness among banks and financial institutions about refugee regulations. - limited access to finance for refugees and vulnerable migrants. - Lack of interest among the FIs to access the risks of providing financial services to refugees and other foreign-born residents. - Lack of appropriate financial products to attract refugees and foreign-born residents. | D5: - Collaboration with the Ministry of Foreign Affairs, Ministry of Education, Ministry of Labour, Ministry of Investments, Ministry of Finance, and Central Bank of Egypt to increase access to finance for refugees and vulnerable migrants. - Enhanced awareness among banks and financial institutions and clarity in the policy framework for financial inclusion to avoid de facto restrictions towards refugees. - Increased access to finance for refugees, vulnerable migrants, and other foreign-born residents. | E5: The Ministry of Foreign Affairs, Ministry of Labour, Ministry of Finance, Commercial Banks, MFIs, Central Bank of Egypt, Private companies, etc. | F5: - Policy Advocacy towards inclusion based on demographic and socio-economic data. - Hands-on support to Banks, MFIs, and other Businesses to assess economic viability of refugees. - Targeted technical assistance to improve opportunities for the refugees, other foreign-born residents, and vulnerable host communities.
B6: Increased protection space for FDPs | C6: *Administrative and bureaucratic hurdles to the recognition of documentation coupled with lenghty process to obtain residency and increased frequency requirement for permit renewal hinder the full enjoyment of rights. *Increase in new arrivals from Sudan, coupled with more restrictive procedures for accessing territory, has contributed to the rise in detentions and deportations, including of children, and to an increase in dangerous onward movements. *Sudan and Gaza emergencies have placed additional strains on the agencies' capacity to properly respond to the increased humanitarian needs caused by both crises. *Egypt has limited capacity to adequately address child protection. *Authorities, governmental officials and law enforcement personnel have limited understanding of the difference between refugees and migrants. *Discrimination based on intersection of grounds such as nationality, socioeconomic condition, race, gender hinders FDPs' access to public services. | D6: * Interagency advocacy strategy for increased access of FDPs to national services is finalized and implemented with relevant Government entities. This includes: 1.Drafts of the Child Law amendment, new alternative care Law, labour Law amendment, asylum Law and climate change NAP to include FDPs are finalized with inter-ministerial committees and submitted to parliament. 2.An Interagency advocacy paper for the Government to ease entry procedures for unaccompanied and separated children to the territory is submitted to MoFA and follow-up of its recommendations is conducted on a 6-month basis. - Governmental counterparts have a better knowledge and understanding of forced displacement and the needs of FDPs, as well as on their legal status and consequent rights in the country. - GoE is supportive of new modalities for FDPs' registration being implemented, like self-registration, and receptive to improve residency as well as access to territory criteria and procedures. | E6: - Ministry of Foreign Affairs. - Ministry of Social Solidarity (MOSS). - National Council for Childhood and Motherhood (NCCM). - Central Agency for Public Mobilization and Statistics. - Ministry of Youth and Sports. - National Committee for Combatting and Preventing Trafficking in Person (NCCPIM&TIP) - Ministry of Education - FDPs and host communities | F6: - Operational clarity regarding international refugee law and the existing protection framework to support the protection of forcibly displaced populations in Egypt. - Consolidated protection approach and recognition of the Centrality of Protection, which fully incorporates the Sudan Situation realities into a One-Refugee Protection & Solutions Strategy. - Focus on access to territory and asylum for the continued New Arrivals and an improved refugee reception services. - Undertake joint legal studies on both access and inclusion of refugees, to further consolidate strategies, work plans and advocacy. - Workshops and roundtables with different Ministries to increase understanding of refugee rights and to pave the way to foster FDPs inclusion into the national services. - United partnership/relationship with relevant GoE Ministries, to undertake protection actions and ensure a coherent unified advocacy approaches with the Government. - Cohesive and clear international protection approach in the context of the Mixed Movement as a significant aspect of the operation.
B7: Increased access to national social protection schemes for FDPs (T&K and UHI). | C7: - Legal and policy framework for national social protection programmes are not inclusive to FDPs. - Though the GoE recognizes equal treatment in access to non-contributory social security schemes for all, in practice, domestic regulations prohibits the ability of FDPs to access social assistance benefits. - Lack of comprehensive asylum law to govern the status, rights, and obligations of refugees and asylum seekers in the country. Instead, various ministerial and presidential decrees have been issued in an ad-hoc manner. - Universal Health Insurance (UHI) does not formally recognize the FDP caseload or provide for them. - Child Law by-laws do not explicitly recognize and include FDPs. - Labour laws do not explicitly include FDPs and definition of worst forms of Child Labour needs updating. | D7: The national legal framework review allows to identify the key areas that require revisions. Partners agree with the Government on the key design features of an inclusive SP system. The administrative, legal and policy framework on social protection systems is revised to be more inclusive for FDP. | E7: - Ministry of Foreign Affairs. - Ministry of Social Solidarity. - NCCM. - Central Agency for Public Mobilization and Statistics. - Ministry of Health. - Ministry of Manpower. - Ministry of Finance - Ministry of Planning and economic development - Development partners and IFIs | F7: - Review of national social assistance programmes legal framework to identify where it could be amended.- Review of the social protection laws/strategy to ensure references to FDPs accessing social protection - Provide UHI financing tools/mechanisms to cover the FDP contributions. - Advocacy on the child law and by-laws, in addition to technical support to make amendments to the by-laws. - Conduct a study to highlight the benefits of integrating FDPs into national systems focused on specific policy areas. - providing technical support for develop the design features of an inclusive system - Develop a financing tool to inform long-term and expansion of the inclusion social assistance - Capacity building and programming support focused on programme implementation and frameworks. - Conduct a series of policy discussion on inclusive social protection systems, focusing on contributory and non-contributory to address access issues - In-depth review of the national social protection system.

Sheet Graphs
B1: FORMULA | F1: DATA
A2: Milestones | B2: 2024 | C2: 2025 | D2: 2026 | E2: 2027 | F2: 2024 | G2: 2025 | H2: 2026 | I2: 2027
A3: 2.1 advocate with MOE for a waiver of valid residency permit and allow children to be enrolled in schools pending residency issuing. | B3: =IF('Tab3b UNICEF Policy Progress'!F3="1=No contribution to target ",1,IF('Tab3b UNICEF Policy Progress'!F3="2=Initiated contribution to target",2,IF('Tab3b UNICEF Policy Progress'!F3="3=Approaches milestone target",3,IF('Tab3b UNICEF Policy Progress'!F3="4=Achieved milestone target",4,"")))) -> 1 | C3: =IF('Tab3b UNICEF Policy Progress'!G3="1=No contribution to target ",1,IF('Tab3b UNICEF Policy Progress'!G3="2=Initiated contribution to target",2,IF('Tab3b UNICEF Policy Progress'!G3="3=Approaches milestone target",3,IF('Tab3b UNICEF Policy Progress'!G3="4=Achieved milestone target",4,"")))) -> 2 | D3: =IF('Tab3b UNICEF Policy Progress'!H3="1=No contribution to target ",1,IF('Tab3b UNICEF Policy Progress'!H3="2=Initiated contribution to target",2,IF('Tab3b UNICEF Policy Progress'!H3="3=Approaches milestone target",3,IF('Tab3b UNICEF Policy Progress'!H3="4=Achieved milestone target",4,"")))) -> 3 | E3: =IF('Tab3b UNICEF Policy Progress'!I3="1=No contribution to target ",1,IF('Tab3b UNICEF Policy Progress'!I3="2=Initiated contribution to target",2,IF('Tab3b UNICEF Policy Progress'!I3="3=Approaches milestone target",3,IF('Tab3b UNICEF Policy Progress'!I3="4=Achieved milestone target",4,"")))) -> 4 | F3: =B3 -> 1 | G3: =C3 -> 2 | H3: =D3 -> 3 | I3: =E3 -> 4
A4: 2.2 In the interum, establish community kearning spaces in regsitered NGOs to provide education and learning for children facing delays with residency permit issueance. | B4: =IF('Tab3b UNICEF Policy Progress'!F4="1=No contribution to target ",1,IF('Tab3b UNICEF Policy Progress'!F4="2=Initiated contribution to target",2,IF('Tab3b UNICEF Policy Progress'!F4="3=Approaches milestone target",3,IF('Tab3b UNICEF Policy Progress'!F4="4=Achieved milestone target",4,"")))) | C4: =IF('Tab3b UNICEF Policy Progress'!G4="1=No contribution to target ",1,IF('Tab3b UNICEF Policy Progress'!G4="2=Initiated contribution to target",2,IF('Tab3b UNICEF Policy Progress'!G4="3=Approaches milestone target",3,IF('Tab3b UNICEF Policy Progress'!G4="4=Achieved milestone target",4,"")))) | D4: =IF('Tab3b UNICEF Policy Progress'!H4="1=No contribution to target ",1,IF('Tab3b UNICEF Policy Progress'!H4="2=Initiated contribution to target",2,IF('Tab3b UNICEF Policy Progress'!H4="3=Approaches milestone target",3,IF('Tab3b UNICEF Policy Progress'!H4="4=Achieved milestone target",4,"")))) | E4: =IF('Tab3b UNICEF Policy Progress'!I4="1=No contribution to target ",1,IF('Tab3b UNICEF Policy Progress'!I4="2=Initiated contribution to target",2,IF('Tab3b UNICEF Policy Progress'!I4="3=Approaches milestone target",3,IF('Tab3b UNICEF Policy Progress'!I4="4=Achieved milestone target",4,"")))) | F4: =B4 | G4: =C4 | H4: =D4 | I4: =E4
A5: 2.3 Design and implement with MoE and Learning spaces a meaningful capacity building program to overcome the overcrowdedness in areas with high density of refugee families. | B5: =IF('Tab3b UNICEF Policy Progress'!F5="1=No contribution to target ",1,IF('Tab3b UNICEF Policy Progress'!F5="2=Initiated contribution to target",2,IF('Tab3b UNICEF Policy Progress'!F5="3=Approaches milestone target",3,IF('Tab3b UNICEF Policy Progress'!F5="4=Achieved milestone target",4,"")))) | C5: =IF('Tab3b UNICEF Policy Progress'!G5="1=No contribution to target ",1,IF('Tab3b UNICEF Policy Progress'!G5="2=Initiated contribution to target",2,IF('Tab3b UNICEF Policy Progress'!G5="3=Approaches milestone target",3,IF('Tab3b UNICEF Policy Progress'!G5="4=Achieved milestone target",4,"")))) | D5: =IF('Tab3b UNICEF Policy Progress'!H5="1=No contribution to target ",1,IF('Tab3b UNICEF Policy Progress'!H5="2=Initiated contribution to target",2,IF('Tab3b UNICEF Policy Progress'!H5="3=Approaches milestone target",3,IF('Tab3b UNICEF Policy Progress'!H5="4=Achieved milestone target",4,"")))) | E5: =IF('Tab3b UNICEF Policy Progress'!I5="1=No contribution to target ",1,IF('Tab3b UNICEF Policy Progress'!I5="2=Initiated contribution to target",2,IF('Tab3b UNICEF Policy Progress'!I5="3=Approaches milestone target",3,IF('Tab3b UNICEF Policy Progress'!I5="4=Achieved milestone target",4,"")))) | F5: =B5 | G5: =C5 | H5: =D5 | I5: =E5
B6: =IF('Tab3b UNICEF Policy Progress'!F6="1=No contribution to target ",1,IF('Tab3b UNICEF Policy Progress'!F6="2=Initiated contribution to target",2,IF('Tab3b UNICEF Policy Progress'!F6="3=Approaches milestone target",3,IF('Tab3b UNICEF Policy Progress'!F6="4=Achieved milestone target",4,"")))) | C6: =IF('Tab3b UNICEF Policy Progress'!G6="1=No contribution to target ",1,IF('Tab3b UNICEF Policy Progress'!G6="2=Initiated contribution to target",2,IF('Tab3b UNICEF Policy Progress'!G6="3=Approaches milestone target",3,IF('Tab3b UNICEF Policy Progress'!G6="4=Achieved milestone target",4,"")))) | D6: =IF('Tab3b UNICEF Policy Progress'!H6="1=No contribution to target ",1,IF('Tab3b UNICEF Policy Progress'!H6="2=Initiated contribution to target",2,IF('Tab3b UNICEF Policy Progress'!H6="3=Approaches milestone target",3,IF('Tab3b UNICEF Policy Progress'!H6="4=Achieved milestone target",4,"")))) | E6: =IF('Tab3b UNICEF Policy Progress'!I6="1=No contribution to target ",1,IF('Tab3b UNICEF Policy Progress'!I6="2=Initiated contribution to target",2,IF('Tab3b UNICEF Policy Progress'!I6="3=Approaches milestone target",3,IF('Tab3b UNICEF Policy Progress'!I6="4=Achieved milestone target",4,"")))) | F6: =B6 | G6: =C6 | H6: =D6 | I6: =E6
B7: =IF('Tab3b UNICEF Policy Progress'!F7="1=No contribution to target ",1,IF('Tab3b UNICEF Policy Progress'!F7="2=Initiated contribution to target",2,IF('Tab3b UNICEF Policy Progress'!F7="3=Approaches milestone target",3,IF('Tab3b UNICEF Policy Progress'!F7="4=Achieved milestone target",4,"")))) | C7: =IF('Tab3b UNICEF Policy Progress'!G7="1=No contribution to target ",1,IF('Tab3b UNICEF Policy Progress'!G7="2=Initiated contribution to target",2,IF('Tab3b UNICEF Policy Progress'!G7="3=Approaches milestone target",3,IF('Tab3b UNICEF Policy Progress'!G7="4=Achieved milestone target",4,"")))) | D7: =IF('Tab3b UNICEF Policy Progress'!H7="1=No contribution to target ",1,IF('Tab3b UNICEF Policy Progress'!H7="2=Initiated contribution to target",2,IF('Tab3b UNICEF Policy Progress'!H7="3=Approaches milestone target",3,IF('Tab3b UNICEF Policy Progress'!H7="4=Achieved milestone target",4,"")))) | E7: =IF('Tab3b UNICEF Policy Progress'!I7="1=No contribution to target ",1,IF('Tab3b UNICEF Policy Progress'!I7="2=Initiated contribution to target",2,IF('Tab3b UNICEF Policy Progress'!I7="3=Approaches milestone target",3,IF('Tab3b UNICEF Policy Progress'!I7="4=Achieved milestone target",4,"")))) | F7: =B7 | G7: =C7 | H7: =D7 | I7: =E7
B8: =IF('Tab3b UNICEF Policy Progress'!F8="1=No contribution to target ",1,IF('Tab3b UNICEF Policy Progress'!F8="2=Initiated contribution to target",2,IF('Tab3b UNICEF Policy Progress'!F8="3=Approaches milestone target",3,IF('Tab3b UNICEF Policy Progress'!F8="4=Achieved milestone target",4,"")))) | C8: =IF('Tab3b UNICEF Policy Progress'!G8="1=No contribution to target ",1,IF('Tab3b UNICEF Policy Progress'!G8="2=Initiated contribution to target",2,IF('Tab3b UNICEF Policy Progress'!G8="3=Approaches milestone target",3,IF('Tab3b UNICEF Policy Progress'!G8="4=Achieved milestone target",4,"")))) | D8: =IF('Tab3b UNICEF Policy Progress'!H8="1=No contribution to target ",1,IF('Tab3b UNICEF Policy Progress'!H8="2=Initiated contribution to target",2,IF('Tab3b UNICEF Policy Progress'!H8="3=Approaches milestone target",3,IF('Tab3b UNICEF Policy Progress'!H8="4=Achieved milestone target",4,"")))) | E8: =IF('Tab3b UNICEF Policy Progress'!I8="1=No contribution to target ",1,IF('Tab3b UNICEF Policy Progress'!I8="2=Initiated contribution to target",2,IF('Tab3b UNICEF Policy Progress'!I8="3=Approaches milestone target",3,IF('Tab3b UNICEF Policy Progress'!I8="4=Achieved milestone target",4,"")))) | F8: =B8 | G8: =C8 | H8: =D8 | I8: =E8

Sheet Tab3b UNICEF Policy Progress
A1: POLICY INFORMATION | F1: ASESSMENT | M1: CONTRIBUTION TO THE POLICY DEVELOPMENT | U1: Country Team Feedback on Policy Priorities | V1: Country Team Feedback on Milestones
A2: PILLAR | B2: RIGHT | C2: POLICY PRIORITIES (UNICEF Led) | D2: POLICY MILESTONES | E2: Link to Results Framework indicators | F2: Assessment (2024) | G2: Assessment (2025) | H2: Asessesment (2026) | I2: Asessesment (2027) | J2: Description of relevant contribution made | K2: Sources of Verification | L2: Phase II progress | M2: 1. Needs and evidence | N2: 2. Commitments | O2: 3. Policy adoption/prevention | P2: 4. Resourcing | Q2: 5. Implementation | R2: 6. Coverage and use | S2: 7. Monitoring and Evaluation | U2: Indicate below 1) whether the policy priority is UNICEF lead (Yes/No); if it is No UNICEF led, indicate what partner leads the policy priority; if it is led by UNICEF, indicate whether there is any milestone left out (not included in column D) | V2: Indicate below for each milestone whether 1) UNICEF leads (Yes/No), if it is No UNICEF led, indicate what partner leads the milestone; 2) if it is led by UNICEF, indicate what other partners contribute to the milestone (or say none if this is the case)
A3: EDUCATION | B3: Access to national education system | C3: 2. Tackle underlying barriers constraining access to education, namely: Residency and capacity limitations | D3: 2.1 advocate with MOE for a waiver of valid residency permit and allow children to be enrolled in schools pending residency issuing. | E3: 1c) Evidence on how PROSPECTS has contributed to a change in legal frameworks, policies and asylum system related to access for refugees to education and training systems | F3: 1=No contribution to target | G3: 2=Initiated contribution to target | H3: 3=Approaches milestone target | I3: 4=Achieved milestone target | N3: x
D4: 2.2 In the interum, establish community learning spaces in regsitered NGOs to provide education and learning for children facing delays with residency permit issueance. | Q4: x
D5: 2.3 Design and implement with MoE and Learning spaces a meaningful capacity building program to overcome the overcrowdedness in areas with high density of refugee families. | Q5: x
A6: SOCIAL PROTECTION | B6: Inclusion of Refugee & FDP in National Social Protection Systems | C6: 4. Increase the extent to which the national social protection schemes are inclusive for FDPs (T&K and UHI). | D6: NO MILESTONE INCLUDED IN POLICY MATRIX
D7: NO MILESTONE INCLUDED IN POLICY MATRIX
D8: NO MILESTONE INCLUDED IN POLICY MATRIX

Sheet Tab 4 Risk Assessment
B4: 1. Contextual Risks
B5: Risks | C5: Impact on results | D5: Likelihood | E5: Mitigation measures | F5: Responsible partner to monitor and update risk assessment
B6: Economic Instability from Ukraine Crisis: The interconnectedness of Egypt's economy with Russian and Ukrainian wheat markets poses a risk of increased inflation, impacting vulnerable FDPs, host communities, refugees, and migrants | C6: High | D6: Average | E6: - In collaboration with the GOE, assess regularly and monitor global and regional economic trends to anticipate downturns. - PROSPECTS will focus more on pillar II and income generation activities. - Create vocational training and livelihood programs aimed at improving economic opportunities for both refugees and host communities. (In the current socio-economic context, it might not be enough to create vocational training and livelihood programs as without different labour policies and possibly family planning those might lead to further exploitations, due to the increasing offer of labour) | F6: All partners
B7: Implications of the Israel/OPT conflict: The onset of a second war on Egypt’s borders carries with it specific risks related to its political, social and economic stability. Some of these include the potential to reignite conflict in the Sinai, to reenergize opposition forces critical of the government’s position, and encourage wider social unrest. The economy could also feel the impact with a possible knock-on effect in the important area of tourism. | C7: High | D7: Average | E7: - Closely monitor the evolution of the conflict and its geo-political impact. '- Make adjustments to the programme based on possible deterioration of the security situation and in case of social unrest. '- Ensure that the programming includes strong resilience components geared to absorbing possible future social and economic shocks and to include a focus on what it can offer Egypt as well as FDPs. | F7: All partners
B8: Rising Vulnerability due to Sudan Crisis: The recent instability in Sudan, coupled with displacement and influx of Sudanese refugees, may strain socio-economic opportunities for both the displaced and vulnerable host communities. | C8: High | D8: Likely | E8: - Monitor the effect of the risk in collaboration with the GOE. - Implement community support programs that provide essential services and resources to both displaced Sudanese refugees and vulnerable host communities. This can include access to healthcare, education, and employment opportunities. - Encourage integration initiatives that foster social cohesion between refugees and host communities. This can include cultural exchange programs and community-building activities. | F8: UNHCR
B9: Market Volatility: Economic pressures caused by external crises may hinder the success of programmes focused on enhancing socio-economic opportunities | C9: Average | D9: Likely | E9: - Collaborate with local businesses and the private sector to identify opportunities for partnership and investment in socio-economic programs. | F9: All partners
B10: Cultural and linguistic Barriers: Cultural differences could lead to misunderstandings and hinder the integration of refugee and asylum-seeker children into the education system. | C10: Low | D10: Unlikely | E10: - Provide cultural sensitivity training for teachers and school staff to help them understand and respect the diverse backgrounds of refugee and asylum-seeker children. - Offer bilingual or multilingual education programs to bridge linguistic gaps and facilitate a smoother transition into the education system. - When applicable, adapt the curriculum to be inclusive and sensitive to the cultural backgrounds of refugee and asylum-seeker children, incorporating diverse perspectives into the educational materials. | F10: All partners
B11: Policy Changes: Changes in government policies or regulations could impact, positively or negatively, the registration and legal protection of refugees and asylum-seekers. | C11: Low | D11: Average | E11: - Assess the positive and negative development due to these changes with the GOE and ensure a mitigation plan in place. - Provide legal assistance and support to refugees and asylum-seekers to navigate complex immigration and asylum processes, ensuring they understand their rights and responsibilities. | F11: All partners
B12: Increased Vulnerability of Displaced Persons: The influx of displaced Sudanese and ongoing instability may result in challenges related to registration, documentation, and legal protection for refugees. | C12: Average | D12: Average | E12: - Simplify and expedite the registration of displaced Sudanese to ensure they have proper documentation, which is crucial for accessing services and protection. - Provide legal aid and assistance to help displaced individuals understand their rights, complete documentation, and navigate legal procedures, including asylum claims. - enhance legal protection and support services. | F12: UNHCR
B15: 2. Programmatic Risks
B16: Risks | C16: Impact on results | D16: Likelihood | E16: Mitigation measures | F16: Responsible partner to monitor and update risk assessment
B17: Resource Constraints: The increased demand for quality education and skills development programs for both FDPs and HCs may strain available resources, including educational facilities, qualified teachers, and materials. This risk could lead to overcrowded classrooms, a shortage of trained educators, and a potential decline in the quality of education. | C17: Average | D17: Average | E17: Resource Mobilization: Seek additional funding and resources from international donors, governments, and NGOs to expand educational infrastructure and ensure an adequate supply of qualified teachers. Infrastructure Development: Invest in building and upgrading educational facilities to accommodate the increased enrolment of FDPs and HCs. Teacher Training: Provide training and professional development opportunities for teachers to enhance their capacity to teach diverse student populations effectively. Curriculum Adaptation: Develop and adapt curricula that are inclusive and responsive to the needs and cultural backgrounds of both FDPs and HCs. Monitoring and Evaluation: Implement robust monitoring and evaluation mechanisms to assess the impact of educational programs and identify areas for improvement. Community Engagement: Involve the local community, including parents and caregivers, in decision-making processes related to education to build support and ensure effective resource allocation. | F17: UNICEF
B18: Economic Barriers: Despite efforts to improve livelihoods and economic opportunities, there may be barriers to achieving sustainable employment and entrepreneurship for FDPs and HCs, such as limited access to capital, market challenges, and skills gaps. | C18: Average | D18: Average | E18: Access to Finance: advocate for access to finance. Skills Development: Provide targeted training programs to enhance the entrepreneurial and vocational skills of individuals, aligning training with market demand. Market Linkages: Establish connections between entrepreneurs and local or regional markets to help them access customers and distribution networks. Business Incubation: Create business incubation programs that offer mentoring, support, and resources to start-ups and entrepreneurs. Diversity of Opportunities: Promote a diverse range of economic opportunities, including both wage employment and self-employment options, to cater to the different skills and preferences of FDPs and HCs. Monitoring and Evaluation: Implement a monitoring and evaluation system to track the progress and impact of economic empowerment programs, making data-driven adjustments as necessary. | F18: ILO and IFC
B19: Policy Implementation Challenges: While there may be positive policies in place, the effective implementation of these policies to provide protection and social inclusion for FDPs and HCs could face challenges. This risk may include bureaucratic obstacles, lack of resources, or resistance at the local level. | C19: Average | D19: Average | E19: Capacity Building: Provide training and capacity-building programs for government officials and local authorities to ensure they have the knowledge and skills to effectively implement protection and social inclusion policies. Data and Monitoring: Collect and analyse data to monitor the impact of protection and social inclusion programs, enabling evidence-based adjustments and improvements. Legal Support: Provide legal support services to FDPs and HCs to help them navigate legal processes related to protection and social inclusion. | F19: UNHCR

Sheet Tab 5 Multi-annual targets 
B1: In Red = Global Compact for Refugees Indicators
B2: In blue = Policy Matrix indicators
B3: In dark yellow = qualitative indicators
B4: In Green = MFA Obligatory Indicators for Parliament
B6: INDICATORS | C6: Partners | D6: Cumulative Target per partner (2024-2027)
B7: PILLAR 1: EDUCATION AND LEARNING
B8: Mid-term Outcome 1: Increased Access of FDPs And HCs To Quality Education, Skills and Learning Opportunities
B9: 1a) Number of FDPs/HCs who completed their primary or secondary education program (formal and non-formal) | C9: TOTAL | D9: =SUM(D10:D13) -> 15000
C10: IFC
C11: ILO
C12: UNICEF | D12: 15000
C13: UNHCR
B14: 1b) Number of FDPs/HCs who completed a professional, technical or vocational education and/or training program or another non-formal skills training | C14: TOTAL | D14: =SUM(D15:D18) -> 9560
C15: IFC
C16: ILO | D16: =SUM(D51,D56)*80% -> 4560 | F16: 0.8
C17: UNICEF | D17: 5000
C18: UNHCR
B19: 1c) Evidence that legal frameworks and policies are inclusive for refugees in terms of access to education systems | C19: No target needed
B20: Short-term Outcome 1.1: Increased National Capacity to Deliver Quality Education and Vocational Training
B21: 1.1a) Number of teachers/ facilitators/ TVET trainers completing professional development trainings | C21: TOTAL | D21: =SUM(D22:D25) -> 5200
C22: IFC
C23: ILO
C24: UNICEF | D24: 5200
C25: UNHCR
B26: 1.1 b) Number of educational skills training curricula and programs (online & offline), improved/ updated/ developed (with formal and non-formal educational and skills training systems) | C26: TOTAL | D26: =SUM(D27:D30) -> 8
C27: IFC
C28: ILO
C29: UNICEF | D29: 8
C30: UNHCR
B31: Short-term Outcome 1.2: More FDPs And HCs Enrolled and Retained in Formal and Non-Formal Education At (Pre-) Primary and Secondary Levels
B32: 1.2a) Number of new FDPs/HCs enrolled in pre-primary/primary/secondary education (formal and non-formal) | C32: TOTAL | D32: =SUM(D33:D36) -> 60000
C33: IFC
C34: ILO
C35: UNICEF | D35: 60000
C36: UNHCR
B37: 1.2b) Number of FDPs/HCs retained in Primary/Secondary Education Program, Including Acceleration Education Programs and Early Childhood Education | C37: TOTAL | D37: =SUM(D38:D41) -> 60000
C38: IFC
C39: ILO
C40: UNICEF | D40: 60000
C41: UNHCR
B42: 1.2c) Number of FDPs/HCs provided with in-kind or financial support to attend educational programs | C42: TOTAL | D42: =SUM(D43:D46) -> 0
C43: IFC
C44: ILO
C45: UNICEF
C46: UNHCR
B47: GCR indicator 2.2.1 - Proportion of refugee children enrolled in the national education system (primary and secondary) | C47: No target needed
B48: Short-term Outcome 1.3: More FDPs and HCs Access Occupational Relevant Skills and Skills Recognition for Transition to Work
B49: 1.3a) Number of FDPs/HCs who enrolled in professional, technical or vocational education and/or formal/informal skills training program | C49: TOTAL | D49: =SUM(D50:D53) -> 5000
C50: IFC
C51: ILO | D51: =1500+3500 -> 5000 | F51: TVET / Digital Skills Development
C52: UNICEF
C53: UNHCR
B54: 1.3b) Number of FDPs/HCs accessing apprenticeships, internships, fellowships, on-the-job training and work-based learning opportunities and other transition pathways to employability | C54: TOTAL | D54: =SUM(D55:D58) -> 900
C55: IFC
C56: ILO | D56: =500+200 -> 700 | F56: Apprenticeships / Internships
C57: UNICEF | D57: 200 | F57: Internships
C58: UNHCR
B59: 1.3c) Number of FDPs/HCs’ skills and qualifications recognized (RPL, credential evaluation, micro-credentialing, certification etc.) | C59: TOTAL | D59: =SUM(D60:D63) -> 1
C60: IFC
C61: ILO
C62: UNICEF | D62: 1 | F62: certification scheme
C63: UNHCR
B64: PILLAR 2: EMPLOYMENT WITH DIGNITY
B65: Mid-term Outcome 2: Improved Livelihoods and Expanded Economic Opportunities for FDPs and HCs
B66: 2a) Number of new wage employment and/or self-employment (business) opportunities supported by PROSPECTS
B72: 2b) Number of FDPs/HC members already employed or self-employed who have either increased their income, enhanced their working conditions or maintained resilient livelihoods
B78: 2c) Number of Government institutions, BDS providers, financial institutions, input providers and/or cooperatives that have introduced new services or scaled their service offer for FDPs and HCs
B83: 2d) Evidence that legal frameworks and policies are inclusive for refugees in terms of access to labor market and formality
B87: GCR indicator 2.1.1 - Proportion of refugees who have access to decent work by law
B92: Short-term Outcome 2.1: Improved Labour Market Governance Supporting Transition to and Entry into Employment and Formalization
B93: 2.1a) Number of job seekers using employment services
B100: 2.1b) Number of FDPs/HCs who have been issued work permits and/or business registrations (or other relevant operating licenses) with support from prospects
B107: 2.1c) Number of FDPs/HCs completing career counselling, JSC, life skills & employability trainings and/or other short-term trainings & support services
B111: Short-term Outcome 2.2: Increased Private Sector or Public Investment and Enhanced Business Environment for Creating Economic Opportunities for FDPs and HCs
... B321: Mid-term Outcome 2: Improved livelihoods and expanded economic opportunities for FDPs and HCs, through access to entrepreneurship and employment with dignity
B322: 2a) Number of new wage employment and/or self-employment (business) opportunities supported by PROSPECTS | C322: TOTAL | D322: =SUM(D323:D326) -> 7000
C323: IFC | D323: 500 | F323: Farmers
C324: ILO | D324: 5000 | F324: (At least)
C325: UNICEF
C326: UNHCR | D326: 1500
B327: 2b) Number of FDPs/HC members already employed or self-employed who have either increased their income, enhanced their working conditions or maintained resilient livelihoods | C327: TOTAL | D327: =SUM(D328:D331) -> 6800
C328: IFC | D328: 1000 | F328: MSMEs
C329: ILO | D329: 5000
C330: UNICEF
C331: UNHCR | D331: 800
B332: 2c) Number of Government institutions, BDS providers, financial institutions, input providers and/or cooperatives that have introduced new services or scaled their service offer for FDPs and HCs | C332: TOTAL | D332: =SUM(D333:D336) -> 13
C333: IFC | D333: 3 | F333: FIs/private companies
C334: ILO | D334: 10
C335: UNICEF
C336: UNHCR
B337: 2d) Evidence that legal frameworks and policies are inclusive for refugees in terms of access to labor market and formality | C337: TOTAL | D337: =SUM(D338:D341) -> 0
C338: IFC
C339: ILO
C340: UNICEF
C341: UNHCR
B342: GCR indicator 2.1.1 - Proportion of refugees who have access to decent work by law | C342: No target needed
B343: Short-term Outcome 2.1: Improved Labour Market Governance Supporting Transition to and Entry into Employment and Formalization
B344: 2.1a) Number of job seekers using employment services | C344: TOTAL | D344: =SUM(D345:D348) -> 15000
C345: IFC
C346: ILO | D346: 15000 | F346: Career Consuelling / Employment Services
...

Sheet Lists
B3: Collective intervention | D3: Access to rights | H3: WB | I3: MACP | K3: Pillar 1: EDUCATION AND LEARNING
B4: Aligned intervention | D4: Access to basic services | H4: ILO | I4: OF | K4: Pillar 2: ECONOMIC INCLUSION
B5: Partner specific intervention | D5: Access to socio-economic opportunities | H5: UNHCR | K5: Pillar 3: PROTECTION AND SOCIAL PROTECTION
H6: IFC | K6: Pillar 4: CRITICAL INFRASTRUCTURE
H7: UNICEF
B10: Ahead of schedule
B11: On track
B12: Constrained
B15: Highly likely | D15: High
B16: Likely | D16: Average
B17: Average | D17: Low
B18: Unlikely
B19: Highly unlikely
C22: Self assessment | D22: Protection | E22: Social protection | F22: Education
C23: 1=No contribution to target | D23: Level 1: System Building | E23: 1)Absent | F23: 1) Weak
C24: 2=Initiated contribution to target | D24: Level 2: System Enhancement | E24: 2) Weak | F24: 2) Initiating
C25: 3=Approaches milestone target | D25: Level 3: System Integration | E25: 3) Moderate | F25: 3) Established
C26: 4=Achieved milestone target | D26: Level 4: System Maturity | E26: 4) Strong | F26: 4) Championing
